cohdb
Replays
Latest Replays
All Replays
Popular Replays
Top Player Replays
Match Explorer
How It Works
Community
CoH3 Stats
Reddit
Sign in to upload your games and track your stats! →
Sign in with Steam
Match 41701442
Unlisted
Match 41701442
Overview
Messages
Build Orders
End
Pioneer Squad
Construct Infanterie Kompanie
Selects Terror Battlegroup
Selects Machine Gun Camouflage
MG 42 Machine Gun Team
Grenadier Squad
Grenadier Squad
Construct Panzergrenadier Kompanie
251 Medium Carrier
Pak 40 Anti-tank Gun Team
Support Elements
StuG III G Assault Gun
Nebelwerfer 42 Rocket Launcher Team
Panzergrenadier Officer Quarters
Panzergrenadier Squad
Selects Interrogate
Nebelwerfer 42 Rocket Launcher Team
StuG III G Assault Gun
Selects No Quarter
Pioneer Squad
Selects King Tiger Heavy Tank
King Tiger Heavy Tank
Selects Interrogate
Panzergrenadier Squad
Pioneer Squad
Selects Propaganda Leaflet Drop
Selects V1 Rocket Strike
Propaganda Leaflet Drop
King Tiger Heavy Tank
Pak 40 Anti-tank Gun Team
Pioneer Squad
[PD]Folscher
Apache
Vasilli Grozny
TwistedTootsy
Stormless
Grunka Lunka
0
0
Comments
sign in to comment!
No comments posted yet!